 Dungeon Crawl Stone Soup version 0.21.1-1-g345015fe64 (webtiles) character file.

2461 Knicklaso the Fighter (level 9, -7/98 HPs)
             Began as a Troll Monk on Apr 16, 2018.
             Was a Priest of Wu Jian.
             Mangled by a two-headed ogre
             ... wielding a +0 giant club
              (24 damage)
             ... on level 8 of the Dungeon.
             The game lasted 00:20:30 (5585 turns).

Knicklaso the Fighter (Troll Monk)                  Turns: 5585, Time: 00:20:31

Health: -7/98      AC:  5    Str: 21    XL:     9   Next: 26%
Magic:  8/8        EV: 10    Int:  9    God:    Wu Jian [***...]
Gold:   149        SH:  0    Dex: 12    Spells: 8/8 levels left

rFire    . . .     SeeInvis .     - Unarmed
rCold    . . .     Gourm    +   (no shield)
rNeg     . . .     Faith    .   a - +0 robe
rPois    .         Spirit   .   (helmet restricted)
rElec    .         Reflect  .   (no cloak)
rCorr    .         Harm     .   (gloves unavailable)
MR       .....                  (boots unavailable)
Stlth    ++........             (no amulet)
HPRegen  0.66/turn              (no ring)
MPRegen  0.11/turn              (no ring)

@: no status effects
A: large, unfitting armour, claws 3, fast metabolism 3, gourmand, regeneration
1, shaggy fur 1, tough skin 2
a: Wall Jump, Serpent's Lash, Renounce Religion


You were on level 8 of the Dungeon.
You worshipped Wu Jian.
Wu Jian was most pleased with you.
You were very hungry.

You visited 2 branches of the dungeon, and saw 9 of its levels.
You also visited: Ossuary.

You collected 391 gold pieces.
You spent 242 gold pieces at shops.

Inventory:

Hand Weapons
 p - a +0 blowgun
 C - a +0 giant spiked club
Missiles
 h - 200 stones (quivered)
 q - 12 poisoned needles
 s - 6 tomahawks
Armour
 a - a +0 robe (worn)
Jewellery
 t - an uncursed amulet of faith {unknown}
 y - a cursed ring of see invisible {unknown}
 z - an uncursed ring of stealth {unknown}
 I - an uncursed amulet of magic regeneration {unknown}
 J - an uncursed ring of protection from magic {unknown}
 L - an uncursed ring of see invisible {unknown}
Wands
 M - a wand of paralysis (8)
 O - a wand of iceblast (3)
Scrolls
 c - a scroll of fear
 d - 16 scrolls of identify {unknown}
 e - 5 scrolls of teleportation
 f - 5 scrolls of remove curse
 g - 2 scrolls of magic mapping
 i - 2 scrolls of noise {unknown}
 j - 5 scrolls of enchant weapon {unknown}
 k - a scroll of immolation {unknown}
 u - a scroll of fog {unknown}
 x - 2 scrolls of amnesia {unknown}
 D - a scroll of random uselessness {unknown}
 E - 2 scrolls of blinking {unknown}
 F - 2 scrolls of enchant armour {unknown}
 N - a scroll of torment {unknown}
Potions
 l - 4 potions of curing
 m - 2 potions of might
 n - 5 potions of brilliance {unknown}
 o - 5 potions of lignification
 r - 2 potions of haste {unknown}
 v - 2 potions of flight
 w - 2 potions of magic {unknown}
 A - 4 potions of agility
 B - 3 potions of heal wounds
 G - 2 potions of mutation {unknown}
 H - 2 potions of invisibility {unknown}
 K - a potion of ambrosia {unknown}
Comestibles
 b - 15 rations


   Skills:
 + Level 9.0 Fighting
 - Level 2.4 Dodging
 - Level 1.0 Stealth
 + Level 7.8 Unarmed Combat


You had 8 spell levels left.
You didn't know any spells.

Dungeon Overview and Level Annotations

Branches:
Dungeon (8/15)             Temple (1/1) D:5
   Lair: D:8-11

Altars:
Ashenzari
Cheibriados
Dithmenos
Elyvilon
Fedhas
Gozag
Hepliaklqana
Kikubaaqudgha
Makhleb
Nemelex Xobeh
Okawaru
Qazlal
Ru
Sif Muna
Trog
Uskayaw
Vehumet
Wu Jian
Xom
Yredelemnul
Zin
The Shining One

Shops:
D:5 !

Annotations:
D:7 Pikel


Innate Abilities, Weirdness & Mutations

You are too large for most types of armour.
You have claws for hands.
Your metabolism is lightning-fast.
You like to eat raw meat.
Your natural rate of healing is unusually fast.
You are covered in fur. (AC +1)
You have very tough skin. (AC +2)


Message History

There is an open door here.
You are feeling very hungry.
You lunge at the two-headed ogre.
You scratch the two-headed ogre but do no damage.
The two-headed ogre is severely wounded.
The two-headed ogre hits you with a giant club.
The two-headed ogre barely misses you.
You spin and attack the two-headed ogre.
You scratch the two-headed ogre but do no damage.
You claw the two-headed ogre!
The two-headed ogre is severely wounded.
The two-headed ogre hits you with a giant club.
* * * LOW HITPOINT WARNING * * *
The two-headed ogre hits you with a giant spiked club!
* * * LOW HITPOINT WARNING * * *
You lunge at the two-headed ogre.
You scratch the two-headed ogre.
The two-headed ogre is almost dead.
The two-headed ogre barely misses you.
The two-headed ogre hits you with a giant spiked club!!
You die...

.. ##. .
###'#######.... .
#.........#.... .#
#............### #.#
#..............#...
#..........###.#.####
#............#......#
#........###.#......#
#....##'...#.@.#....#
#....#.....#O..# ...#
#....#...#.....# ...+
#....#...#.....# ..#
####....###.#.....#
##
..........#.####....#
..........#....+....#
....>.....#.†..#....#
..........'....#....#


You could see a two-headed ogre.

Vanquished Creatures
  2 black bears (D:6)
  3 slaves (D:7)
  A hornet zombie (Ossuary)
  A sky beast (D:5)
  3 ogres
  2 centaurs (D:6)
  A bullfrog (D:6)
  An elf zombie (D:7)
  2 elf skeletons (D:7)
  A gnoll sergeant (D:7)
  A water moccasin zombie (Ossuary)
  A scorpion (D:7)
  A centaur zombie (Ossuary)
  4 hounds
  2 bullfrog zombies (Ossuary)
  An orc wizard (D:3)
  3 orc priests
  A bullfrog skeleton (D:3)
  A centaur skeleton (D:5)
  17 mummies (Ossuary)
  2 human skeletons (D:7)
  6 worker ants
  2 hound zombies
  A hound skeleton (D:6)
  A howler monkey zombie (Ossuary)
  3 worker ant zombies (Ossuary)
  11 gnolls
  4 adders
  2 adder zombies (Ossuary)
  An adder skeleton (D:6)
  2 worms
  2 dart slugs
  3 leopard geckos
  17 orcs
  5 giant cockroaches
  3 goblins
  6 hobgoblins
  8 jackals
  7 kobolds
  3 quokkas
  2 ball pythons (D:3)
  3 bats
  A frilled lizard (D:5)
  A giant cockroach zombie (Ossuary)
  3 leopard gecko zombies (Ossuary)
  An orc skeleton (D:7)
  A quokka zombie (Ossuary)
  9 rats
159 creatures vanquished.

Notes
Turn   | Place    | Note
-------+----------+-------------------------------------------
     0 | D:1      | Knicklaso the Troll Monk began the quest for the Orb.
     0 | D:1      | Reached XP level 1. HP: 22/22 MP: 0/0
   372 | D:1      | Reached XP level 2. HP: 29/29 MP: 1/1
   688 | D:2      | Reached skill level 3 in Fighting
   766 | D:2      | Reached XP level 3. HP: 37/37 MP: 2/2
  1422 | D:3      | Reached XP level 4. HP: 30/46 MP: 3/3
  1479 | D:3      | Reached skill level 4 in Fighting
  1568 | D:3      | Reached XP level 5. HP: 43/54 MP: 4/4
  2257 | D:4      | Reached XP level 6. HP: 61/65 MP: 5/5
  2456 | D:4      | Reached skill level 5 in Fighting
  2846 | D:5      | Entered Level 5 of the Dungeon
  2879 | D:5      | Found a staircase to the Ecumenical Temple.
  2919 | Temple   | Entered the Ecumenical Temple
  3087 | Temple   | Became a worshipper of the Wu Jian Council
  3087 | Temple   | Reached * piety under Wu Jian
  3087 | Temple   | Reached ** piety under Wu Jian
  3138 | D:5      | Found Tymeroc's Distillery.
  3151 | D:5      | Noticed a sky beast
  3172 | D:5      | Killed a sky beast
  3172 | D:5      | Reached skill level 5 in Unarmed Combat
  3172 | D:5      | Reached XP level 7. HP: 53/72 MP: 6/6
  3178 | D:5      | Bought a potion of lignification for 33 gold pieces
  3178 | D:5      | Bought a potion of flight for 33 gold pieces
  3178 | D:5      | Bought a potion of agility for 44 gold pieces
  3178 | D:5      | Bought a potion of heal wounds for 55 gold pieces
  3178 | D:5      | Bought a potion of curing for 33 gold pieces
  3178 | D:5      | Bought a potion of might for 44 gold pieces
  3294 | D:5      | Reached skill level 6 in Fighting
  3748 | D:6      | Found a bloodstained altar of Trog.
  3767 | D:6      | Reached skill level 7 in Fighting
  3767 | D:6      | Reached XP level 8. HP: 53/87 MP: 7/7
  3841 | D:6      | Found a stormy altar of Qazlal.
  3841 | D:6      | Found a glowing golden altar of the Shining One.
  3848 | D:6      | Found an iron altar of Okawaru.
  4386 | D:7      | Reached skill level 8 in Fighting
  4405 | D:7      | Found a sand-covered staircase.
  4418 | Ossuary  | Entered an ossuary
  4524 | Ossuary  | Reached *** piety under Wu Jian
  4535 | Ossuary  | Reached XP level 9. HP: 97/97 MP: 8/8
  5010 | D:7      | Noticed Pikel
  5292 | D:7      | Reached skill level 9 in Fighting
  5532 | D:8      | Noticed a two-headed ogre
  5585 | D:8      | Mangled by a two-headed ogre

Skill      XL: |  1  2  3  4  5  6  7  8  9 |
---------------+----------------------------+-----
Fighting       | 3 4 5 7 8 9 |  9.0
Unarmed Combat | 4 5 6 7 |  7.8
Dodging        | |  2.4
Stealth        | |  1.0

Action                   |  1- 3 |  4- 6 |  7- 9 || total
-------------------------+-------+-------+-------++-------
Melee: Unarmed           |    79 |   180 |   242 ||   501
       Punch             |     1 |     1 |    14 ||    16
Throw: Stone             |     3 |     2 |     8 ||    13
Invok: Wall Jump         |       |     1 |     3 ||     4
       Lunge             |       |       |    75 ||    75
       Whirlwind         |       |       |    47 ||    47
  Use: Scroll            |       |       |     4 ||     4
 Stab: Sleeping          |     2 |       |     1 ||     3
  Eat: Chunk             |     8 |    18 |    19 ||    45
       Ration            |       |     1 |       ||     1
Armor: Robe              |    24 |    27 |    34 ||    85
Dodge: Dodged            |    41 |    78 |    68 ||   187
